 Dungeon Crawl Stone Soup version 0.32-a0-984-gb8cfe57ea9 (webtiles) character file.

Game seed: 17572487462959803156

152 Syneil the Sneak (level 5, -4/28 HPs)
             Began as a Kobold Enchanter on Apr 21, 2024.
             Slain by a crocodile skeleton (9 damage)
             ... in a sewer.
             The game lasted 00:05:14 (1908 turns).

Syneil the Sneak (Kobold Enchanter)                 Turns: 1908, Time: 00:05:14

Health: -4/28      AC:  3    Str:  6    XL:     5   Next: 60%
Magic:  8/8        EV: 14    Int: 16    God:
Gold:   146        SH:  0    Dex: 17    Spells: 8/8 levels left

rFire   . . .        d - +3 dagger (speed)
rCold   . . .        (no shield)
rNeg    . . .        b - +1 robe
rPois   .            (no helmet)
rElec   .            (no cloak)
rCorr   .            (no gloves)
SInv    .            (no boots)
Will    .....        (no amulet)
Stlth   ++++         (no ring)
HPRegen 0.24/turn    (no ring)
MPRegen 0.11/turn

%: no passive effects
@: no status effects
A: small, no large weapons, nightstalker 3
a: no special abilities


You were in a sewer.
You visited 1 branch of the dungeon, and saw 3 of its levels.
You also visited: Sewer.

You collected 146 gold pieces.

Inventory:

Hand Weapons
 a - a +1 dagger
 d - a +3 dagger of speed (weapon)
   (You took it off a goblin on level 1 of the Dungeon)
Armour
 b - a +1 robe (worn)
Scrolls
 g - a scroll of teleportation {unknown}
 i - a scroll of torment {unknown}
 j - 2 scrolls of identify {unknown}
 m - a scroll of vulnerability {unknown}
Potions
 c - a potion of invisibility
 e - a potion of heal wounds {unknown}
 f - 2 potions of haste {unknown}
 h - a potion of attraction {unknown}
 k - a potion of resistance {unknown}
 l - a potion of magic {unknown}
 n - a potion of brilliance {unknown}


   Skills:
 * Level 4.7 Short Blades
 - Level 2.4 Dodging
 + Level 5.3 Stealth
 - Level 2.1 Spellcasting
 + Level 3.9 Hexes


You had 8 spell levels left.
You didn't know any spells.
Your spell library contained the following spells:

 Spells                   Type           Power      Damage    Failure   Level
 Confusing Touch          Hex            14%        N/A       12%         3
 Tukima's Dance           Hex            14%        N/A       12%         3
 Ensorcelled Hibernation  Hex/Ice        16%        N/A       14%         2
 Apportation              Tloc           2%         N/A       21%         1
 Necrotise                Necr           4%         1d4       21%         1
 Sting                    Conj/Alch      4%         1d3       21%         1
 Summon Small Mammal      Summ           4%         N/A       21%         1
 Dazzling Flash           Conj/Hex       16%        N/A       26%         3


Dungeon Overview and Level Annotations

Branches:
Dungeon (3/15)              Sewer (1/1)

Altars:


Innate Abilities, Weirdness & Mutations

You are small and have problems with some larger weapons.
You are completely attuned to the shadows.


Message History

You hit the shadow imp but do no damage.
The shadow imp barely misses you. The kobold hits you with a +0 club.
You barely miss the shadow imp.
You hit the shadow imp but do no damage.
The crocodile skeleton barely misses you.
The kobold barely misses you. The shadow imp closely misses you.
You hit the shadow imp but do no damage.
You hit the shadow imp but do no damage.
The shadow imp grins evilly.
The shadow imp barely misses you. The kobold barely misses you.
The crocodile skeleton bites you!
* * * LOW HITPOINT WARNING * * *
You hit the shadow imp but do no damage.
You hit the shadow imp. The shadow imp closely misses you.
The kobold hits you but does no damage. The crocodile skeleton bites you.
* * * LOW HITPOINT WARNING * * *
You hit the shadow imp. You hit the shadow imp.
You kill the shadow imp!
The kobold barely misses you.
You barely miss the crocodile skeleton.
The crocodile skeleton barely misses you.
You hit the crocodile skeleton. The kobold closely misses you.
You hit the crocodile skeleton. You hit the crocodile skeleton.
The crocodile skeleton completely misses you.
The kobold hits you with a +0 club.
* * * LOW HITPOINT WARNING * * *
Unknown command.
You hit the crocodile skeleton. You hit the crocodile skeleton.
The kobold closely misses you. The crocodile skeleton bites you.
* * * LOW HITPOINT WARNING * * *
You hit the crocodile skeleton but do no damage.
Unknown command.
You hit the crocodile skeleton. The kobold misses you.
You puncture the crocodile skeleton!
The crocodile skeleton closely misses you.
Unknown command.
You completely miss the crocodile skeleton.
The kobold hits you but does no damage.
Unknown command.
You hit the crocodile skeleton. The crocodile skeleton bites you.
* * * LOW HITPOINT WARNING * * *
Unknown command.
You hit the crocodile skeleton. The kobold misses you.
Unknown command.
You barely miss the crocodile skeleton. You hit the crocodile skeleton.
The crocodile skeleton bites you!
You die...

#......#≈≈~#..
#'#######~#####
#......#)..#...
#~.~~.~))..)~~~
#≈~~~≈~#...#~~
#########'##
###...#########
#...)...#≈≈Z≈≈~
'.......'.@K...
'.⌠._.⌠.'......
'.......'......
#..⌠.⌠..#≈~≈≈≈≈
#.....########


You could see a kobold and a crocodile skeleton.

Vanquished Creatures
  Terence (D:2)
  2 adders (D:2)
  3 shadow imps (Sewer)
  2 ufetubi (Sewer)
  A dart slug (D:2)
  2 ribbon worms (D:2)
  5 ball pythons
  A bat zombie (Sewer)
  4 endoplasms
  4 giant cockroaches
  3 goblins
  3 hobgoblins
  3 jackals (D:1)
  15 kobolds
  3 quokkas
  A bat (D:2)
  5 frilled lizards
  2 giant cockroach zombies (Sewer)
  A kobold zombie (Sewer)
  5 rats (D:1)
66 creatures vanquished.

Notes
Turn   | Place    | Note
-------+----------+-------------------------------------------
     0 | D:1      | Syneil the Kobold Enchanter began the quest for the Orb.
     0 | D:1      | Reached XP level 1. HP: 10/10 MP: 3/3
   132 | D:1      | Reached XP level 2. HP: 14/15 MP: 5/5
   245 | D:1      | Found a faded altar of an unknown god.
   562 | D:1      | Reached XP level 3. HP: 18/19 MP: 6/6
  1097 | D:2      | Reached XP level 4. HP: 24/24 MP: 7/7
  1507 | D:2      | Noticed Terence
  1511 | D:2      | Killed Terence
  1512 | D:2      | Reached skill level 5 in Stealth
  1532 | D:2      | Reached XP level 5. HP: 28/28 MP: 8/8
  1623 | D:3      | Found a glowing drain.
  1628 | Sewer    | Entered a sewer
  1846 | Sewer    | Found an ancient bone altar of Kikubaaqudgha.
  1908 | Sewer    | Slain by a crocodile skeleton

Illustrated notes

Levels and vault maps discovered:
D:1:      eino_arrival_tree_alley, layout_basic,
          chequers_ecumenical_altar_lobes, minivault_25
D:2:      layout_rooms, uniq_terence
D:3:      layout_rooms, mainiacjoe_overflow_surrounded_room,
          hangedman_ru_absence, portal_sewer_entry_e
Sewer:    kennysheep_sewer_church

Skill      XL: |  1  2  3  4 |
---------------+-------------+-----
Short Blades   | 2 3 4 |  4.7
Stealth        | 5 |  5.3
Dodging        | |  2.4
Spellcasting   | |  2.1
Hexes          | |  3.9

Action                     |  1- 3 |  4- 6 || total
---------------------------+-------+-------++-------
  Melee: Dagger            |   110 |   146 ||   256
    Use: Scroll            |     2 |       ||     2
         Potion            |       |     1 ||     1
   Stab: Sleeping          |    12 |     8 ||    20
         Distracted        |       |     2 ||     2
 Armour: Robe              |    33 |    50 ||    83
  Dodge: Dodged            |    45 |    73 ||   118

Table legend: (Time is in decaauts)
 A = Elapsed time spent in this place.
 B = Non-inter-level travel time spent in this place.
 C = Inter-level travel time spent in this place.
 D = Time resting spent in this place.
 E = Time spent auto-exploring this place.
 F = Levels seen in this place.
 G = Mean time per level.
                   A        B        C        D        E       F      G
               +--------+--------+--------+--------+--------+-----+--------+
         Total |   1795 |   1747 |     48 |    310 |    950 |   4 |  448.8 |
       Dungeon |   1569 |   1521 |     48 |    223 |    937 |   3 |  523.0 |
         Sewer |    225 |    225 |      0 |     87 |     13 |   1 |  225.0 |
               +--------+--------+--------+--------+--------+-----+--------+

Top non-repeatable levels by time:
     D:1: 790 daAuts
     D:2: 733 daAuts
   Sewer: 225 daAuts
     D:3: 45 daAuts
